 Dungeon Crawl Stone Soup version 0.23.1-38-g628c18f (webtiles) character file.

Game seed: 7485235649259947030

9042 Borgoz the Slicer (level 11, -6/75 HPs)
             Began as a Halfling Fighter on Mar 28, 2019.
             Was a Believer of Ashenzari.
             Mangled by an ice beast (12 damage)
             ... summoned by an ice statue
             ... in an ice cave.
             The game lasted 00:22:19 (12876 turns).

Borgoz the Slicer (Halfling Fighter)               Turns: 12876, Time: 00:22:20

Health: -6/75      AC: 13    Str: 13 (15) XL:     11   Next: 67%
Magic:  13/13      EV: 16    Int:  4 (6)  God:    Ashenzari [**....]
Gold:   896        SH:  0    Dex: 15 (16) Spells: 10/10 levels left

rFire    . . .     SeeInvis +   g - +4 short sword (venom)
rCold    . . .     Gourm    +   (shield restricted)
rNeg     . . .     Faith    .   b - +0 scale mail
rPois    +         Spirit   .   u - +1 helmet of Tenacity {rPois MR+ Str-4}
rElec    .         Reflect  .   m - +1 cloak
rCorr    .         Harm     .   (no gloves)
MR       +....                  (no boots)
Stlth    ++........             x - amulet of the gourmand
HPRegen  0.22/turn              k - ring of see invisible
MPRegen  0.13/turn              (no ring)

@: no status effects
A: small, mutation resistance 1
a: Curse Item, Scrying, Renounce Religion


You were in an ice cave.
You worshipped Ashenzari.
Ashenzari was pleased with you.
You were very hungry.

You visited 3 branches of the dungeon, and saw 11 of its levels.
You also visited: Sewer and Ice Cave.

You collected 1036 gold pieces.
You spent 140 gold pieces at shops.

Inventory:

Hand Weapons
 a - a +0 rapier
 g - a +4 short sword of venom (weapon)
 v - a +3 dagger
 y - a +0 dagger of speed
 F - a +1 dagger of holy wrath
Missiles
 G - 3 silver tomahawks
 J - a throwing net (quivered)
Armour
 b - a +0 scale mail (worn)
 c - a +0 shield
 m - a +1 cloak (worn)
 u - the +1 helmet of Tenacity (worn) {rPois MR+ Str-4}
   (You took it off Robin on level 3 of the Dungeon)

   It affects your strength (-4).
   It protects you from poison.
   It affects your resistance to hostile enchantments.
Jewellery
 d - a +3 ring of intelligence
 k - a ring of see invisible (left hand)
 n - an uncursed ring of wizardry
 x - an amulet of the gourmand (around neck)
 L - an uncursed amulet of faith
Wands
 A - a wand of enslavement (14)
 I - a wand of iceblast (8)
 K - a wand of disintegration (18)
Scrolls
 e - 2 scrolls of amnesia
 i - 3 scrolls of remove curse
 o - a scroll of enchant weapon {unknown}
 t - a scroll of fog {unknown}
 C - 2 scrolls of teleportation
 M - a scroll of brand weapon {unknown}
Potions
 h - a potion of lignification
 j - 2 potions of invisibility
 l - a potion of cancellation
 p - a potion of resistance
 q - 3 potions of berserk rage
 D - 2 potions of mutation
Comestibles
 f - 18 rations


   Skills:
 * Level 7.6 Fighting
 * Level 9.6 Short Blades
 - Level 5.0 Throwing
 * Level 9.0 Armour
 * Level 8.3 Dodging
 + Level 6.3 Stealth
 - Level 3.2 Shields
 + Level 3.6 Evocations


You had 10 spell levels left.
You didn't know any spells.
Your spell library contained the following spells:

 Spells                   Type           Power        Failure   Level  Hunger
 Freeze                   Ice            #...         91%         1    ##.....
 Throw Frost              Conj/Ice       #.....       97%         2    ###....
 Ozocubu's Armour         Chrm/Ice       #.......     99%         3    ####...
 Summon Ice Beast         Ice/Summ       #.......     100%        4    #####..
 Throw Icicle             Conj/Ice       #.......     100%        4    #####..


Dungeon Overview and Level Annotations

Branches:
Dungeon (9/15)             Temple (1/1) D:5            Lair (1/6) D:9
    Orc (0/2) D:9

Altars:
Ashenzari
Cheibriados
Dithmenos
Elyvilon
Fedhas
Gozag
Hepliaklqana
Kikubaaqudgha
Makhleb
Nemelex Xobeh
Okawaru
Qazlal
Ru
Sif Muna
Trog
Uskayaw
Vehumet
Wu Jian
Xom
Yredelemnul
Zin
The Shining One

Shops:
D:5 ?   D:8 =

Annotations:
D:8 2 transporters, sdfsdf's ghost, novice DDFi
D:9 3 runed translucent doors, Sagrath01's ghost, journeyman TeSk IceCv exclusion: ice statue


Innate Abilities, Weirdness & Mutations

You are small and have problems with some larger weapons.
You are somewhat resistant to further mutation.


Message History

The ice beast freezes you. The ice beast barely misses you.
You hit the ice statue but do no damage.
The ice statue is severely damaged.
You hit the ice statue.
The ice statue is severely damaged.
The ice beast hits you but does no damage.
The ice statue gestures at you. The shard of ice hits you!!
The ice beast closely misses you. The ice beast misses you.
You hit the ice statue but do no damage.
The ice statue is severely damaged.
The ice beast hits you but does no damage.
The ice statue gestures at you. The shard of ice hits you!!
* * * LOW HITPOINT WARNING * * *
The ice beast barely misses you. The ice beast hits you.
* * * LOW HITPOINT WARNING * * *
The ice beast freezes you!
You die...

......### #...##
.##.#...#####...##
#.#####...#.#....## .##
###..#..#...# ..#
###.####..# .##
#####..## .# #..## ##
####..#### ##.#...@#8##
###......YY..#
#........Y....#
###..............#
#.................# #
###................#
#####..#..............##
..#...####...........##
#...### ###........##


You could see 3 ice beasts.

Vanquished Creatures
  Pikel (D:6)
  Maurice (D:8)
  An ice statue (IceCv)
  2 rime drakes (IceCv)
  A hornet (D:9)
  The ghost of HunterMK the Chopper, an amateur DsBe of Trog (D:5)
  2 basilisks (D:9)
  Menkaure (D:5)
  A water moccasin (D:5)
  5 porcupines (D:9)
  4 slaves (D:6)
  25 ice beasts
  A hornet zombie (D:8)
  An orc warrior (D:8)
  3 black bears (D:9)
  A necrophage (D:3)
  3 ogres
  A phantom (D:4)
  A wolf (D:9)
  3 crocodiles
  5 centaurs
  2 bullfrogs (D:8)
  3 scorpions
  6 killer bees (D:9)
  5 wights (D:7)
  7 electric eels
  2 crimson imps
  A quasit (D:7)
  Crazy Yiuf (D:5)
  A bullfrog skeleton (D:4)
  A bullfrog zombie (D:6)
  An orc priest (D:3)
  10 orc wizards
  2 centaur skeletons
  3 hounds
  A jelly (D:8)
  3 iguanas
  4 worker ants
  A hound zombie (D:7)
  A hound skeleton (D:5)
  Robin (D:3)
  14 adders
  A shadow imp (D:6)
  2 adder skeletons
  4 worms
  4 dart slugs
  10 leopard geckos
  18 orcs
  4 giant cockroaches
  12 goblins
  7 hobgoblins
  2 jackals (D:2)
  5 kobolds
  3 quokkas
  4 ball pythons
  11 bats
  4 frilled lizards
  3 jackal skeletons
  2 leopard gecko zombies
  24 rats
254 creatures vanquished.

Vanquished Creatures (others)
  2 toadstools (D:8)
2 creatures vanquished.

Grand Total: 256 creatures vanquished

Notes
Turn   | Place    | Note
-------+----------+-------------------------------------------
     0 | D:1      | Borgoz the Halfling Fighter began the quest for the Orb.
     0 | D:1      | Reached XP level 1. HP: 15/15 MP: 1/1
    63 | D:1      | Reached XP level 2. HP: 17/20 MP: 2/2
   334 | D:1      | Reached XP level 3. HP: 25/25 MP: 3/3
   509 | D:2      | Reached skill level 1 in Dodging
   775 | D:2      | Reached skill level 1 in Stealth
   775 | D:2      | Reached XP level 4. HP: 31/31 MP: 4/4
   959 | D:2      | Reached XP level 5. HP: 36/36 MP: 5/5
  1329 | D:3      | Reached skill level 1 in Throwing
  1379 | D:3      | Identified the +1 helmet of Tenacity {rPois MR+ Str-4}
  1379 | D:3      | Noticed Robin
  1398 | D:3      | Killed Robin
  1401 | D:3      | Noticed a necrophage
  1411 | D:3      | Killed a necrophage
  1411 | D:3      | Reached XP level 6. HP: 15/42 MP: 6/6
  2165 | D:3      | Found a bloodstained altar of Trog.
  2165 | D:3      | Found a snail-covered altar of Cheibriados.
  2429 | D:4      | Reached XP level 7. HP: 47/47 MP: 7/7
  2658 | D:4      | Found a glowing drain.
  2663 | Sewer    | Entered a sewer
  2970 | D:4      | Reached skill level 5 in Armour
  3150 | D:4      | Found a basalt altar of Yredelemnul.
  3154 | D:4      | Found an iron altar of Okawaru.
  3514 | D:4      | Reached skill level 5 in Short Blades
  3568 | D:4      | Found a hazy altar of Hepliaklqana.
  3605 | D:4      | Reached XP level 8. HP: 49/54 MP: 8/8
  3666 | D:5      | Entered Level 5 of the Dungeon
  3666 | D:5      | Noticed Menkaure
  3671 | D:5      | Killed Menkaure
  3914 | D:5      | Found a staircase to the Ecumenical Temple.
  3930 | Temple   | Entered the Ecumenical Temple
  4034 | Temple   | Became a worshipper of Ashenzari the Shackled
  4139 | D:5      | Found a runed translucent door.
  4142 | D:5      | Noticed HunterMK's ghost (amateur DsBe)
  4430 | D:5      | Found Oloam's Magic Scroll Emporium.
  4443 | D:5      | Found a sacrificial altar of Ru.
  4484 | D:5      | Bought a scroll of teleportation for 42 gold pieces
  4484 | D:5      | Bought a scroll of teleportation for 42 gold pieces
  4484 | D:5      | Bought a scroll of identify for 28 gold pieces
  4484 | D:5      | Bought a scroll of identify for 28 gold pieces
  4729 | D:5      | Reached XP level 9. HP: 52/60 MP: 9/9
  4732 | D:5      | Found an opulent altar of Gozag.
  4781 | D:5      | Found a runed translucent door.
  4782 | D:5      | Noticed Crazy Yiuf
  4900 | D:5      | Killed Crazy Yiuf
  4900 | D:5      | Reached skill level 5 in Dodging
  5063 | D:5      | Killed HunterMK's ghost
  5063 | D:5      | Reached skill level 5 in Fighting
  5828 | D:6      | Reached * piety under Ashenzari
  6429 | D:6      | Noticed Pikel
  6468 | D:6      | Killed Pikel
  6468 | D:6      | Reached skill level 1 in Evocations
  7026 | D:7      | Reached XP level 10. HP: 67/68 MP: 10/10
  7980 | D:7      | Reached skill level 5 in Stealth
  8124 | D:7      | Found a stormy altar of Qazlal.
  8251 | D:8      | Noticed Maurice
  8271 | D:8      | Killed Maurice
  8282 | D:8      | Found the +9 staff of Wucad Mu {channel}
  8284 | D:8      | Found Asosapol's Jewellery Boutique.
  8727 | D:8      | Reached ** piety under Ashenzari
  8732 | D:8      | Found a transporter.
  8734 | D:8      | Noticed sdfsdf's ghost (novice DDFi)
  8973 | D:8      | Found a transporter.
  9618 | D:9      | Noticed a cyclops
  9619 | D:9      | Noticed a four-headed hydra
  9621 | D:9      | Found a runed translucent gate.
  9621 | D:9      | Found a runed translucent gate.
  9621 | D:9      | Noticed Sagrath01's ghost (journeyman TeSk)
  9622 | D:9      | Found a runed translucent gate.
  9622 | D:9      | Noticed a centaur warrior
  9633 | D:9      | Found a staircase to the Lair.
  9714 | D:9      | Reached XP level 11. HP: 27/74 MP: 11/13
 10507 | D:9      | Found a staircase to the Orcish Mines.
 11431 | Lair:1   | Entered Level 1 of the Lair of Beasts
 11435 | Lair:1   | Found a frozen archway.
 11808 | IceCv    | Entered an ice cave
 11844 | IceCv    | Reached skill level 5 in Throwing
 12876 | IceCv    | Mangled by an ice beast

Skill      XL: |  1  2  3  4  5  6  7  8  9 10 11 |
---------------+----------------------------------+-----
Short Blades   | 3 4 5 6 7 8 9 |  9.6
Dodging        | 1 2 3 4 6 7 8 |  8.3
Fighting       | 3 4 5 6 7 |  7.6
Stealth        | 1 2 3 4 5 6 |  6.3
Armour         | 4 5 6 7 8 9 |  9.0
Throwing       | 1 2 3 4 5 |  5.0
Evocations     | 1 2 3 |  3.6
Shields        | |  3.2

Action                   |  1- 3 |  4- 6 |  7- 9 | 10-12 || total
-------------------------+-------+-------+-------+-------++-------
Melee: Rapier            |    62 |       |       |       ||    62
       Short sword       |    33 |   118 |   385 |   557 ||  1093
Throw: Throwing net      |       |       |       |     4 ||     4
       Tomahawk          |       |       |       |     2 ||     2
Evoke: Wand              |       |       |       |    12 ||    12
  Use: Scroll            |       |    10 |     6 |     5 ||    21
       Potion            |       |       |     3 |    10 ||    13
 Stab: Invisible         |       |       |     1 |     3 ||     4
       Paralysed         |       |       |     1 |       ||     1
       Sleeping          |       |       |     1 |     2 ||     3
       Held in net/web   |       |       |       |     2 ||     2
  Eat: Chunk             |       |     7 |    22 |    10 ||    39
Armor: Scale mail        |    33 |    54 |   189 |   178 ||   454
Dodge: Dodged            |    44 |    77 |   186 |   291 ||   598
